 Dungeon Crawl Stone Soup version 0.23.0 (webtiles) character file.

Game seed: 3177261428500012071

135456 Murks the Whirler (level 17, -3/121 HPs)
             Began as a Halfling Hunter on Feb 14, 2019.
             Was a High Priest of Okawaru.
             Killed from afar by a halazid warlock (53 damage)
             ... with a ghostly fireball
             ... in the Desolation of Salt.
             The game lasted 02:21:28 (22618 turns).

Murks the Whirler (Halfling Hunter)                Turns: 22618, Time: 02:21:29

Health: -3/121     AC: 17    Str: 22    XL:     17   Next: 78%
Magic:  0/27       EV: 26    Int: 11    God:    Okawaru [*****.]
Gold:   1282       SH:  9    Dex: 17    Spells: 16/16 levels left

rFire    + + +     SeeInvis +   E - +8 hunting sling of Eternal Harmony {speed, *Contam Str+4 Dex-3 SInv}
rCold    + . .     Gourm    .   c - +0 buckler
rNeg     . . .     Faith    .   A - +2 ring mail {MR+}
rPois    +         Spirit   +   P - +0 helmet {SInv}
rElec    .         Reflect  .   N - scarf {rC+ rF+}
rCorr    .         Harm     .   Q - +2 pair of gloves {archery}
MR       +++..                  X - +0 pair of boots of Goix {rF++}
Stlth    ++++......             z - amulet of guardian spirit
HPRegen  0.30/turn              M - ring of Coesheh {MR+ Str+3 Int+2 SInv}
MPRegen  0.20/turn              F - ring of poison resistance

@: about to teleport, heroism, hasted, heavily drained, very quick
A: small, mutation resistance 1
a: Heroism, Finesse, Renounce Religion


You were in the Desolation of Salt.
You worshipped Okawaru.
Okawaru was extremely pleased with you.
You were not hungry.

You visited 5 branches of the dungeon, and saw 22 of its levels.
You also visited: Ice Cave and Desolation.

You collected 2640 gold pieces.
You spent 1358 gold pieces at shops.

Inventory:

Hand Weapons
 E - the +8 hunting sling of Eternal Harmony (weapon) {speed, *Contam Str+4 Dex-3 SInv}
   (You found it on level 5 of the Dungeon)

   Attacks with this weapon are significantly faster.
   It affects your strength (+4).
   It affects your dexterity (-3).
   It lets you see invisible.
   It causes magical contamination when unequipped.
Missiles
 e - 445 stones (quivered)
 R - 5 throwing nets
Armour
 c - a +0 buckler (worn)
 A - a +2 ring mail of magic resistance (worn)
 B - the +0 leather armour of Decompression {rN++}
   (You bought it in a shop on level 4 of the Dungeon)

   It greatly protects you from negative energy.
 L - a scarf of repulsion
 N - a scarf of resistance (worn)
 P - a +0 helmet of see invisible (worn)
 Q - a +2 pair of gloves of archery (worn)
 X - the +0 pair of boots of Goix (worn) {rF++}
   (You found it on level 1 of the Lair of Beasts)

   It greatly protects you from fire.
Jewellery
 z - an amulet of guardian spirit (around neck)
 F - a ring of poison resistance (right hand)
 M - the ring of Coesheh (left hand) {MR+ Str+3 Int+2 SInv}
   (You found it in the Desolation of Salt)

   [ring of strength]

   It affects your strength (+3).
   It affects your intelligence (+2).
   It affects your resistance to hostile enchantments.
   It lets you see invisible.
Wands
 d - a wand of paralysis (5)
 r - a wand of flame (51)
 u - a wand of disintegration (21)
 y - a wand of enslavement (8)
 D - a wand of iceblast (11)
 S - a wand of polymorph (19)
Scrolls
 g - 12 scrolls of teleportation
 h - 4 scrolls of remove curse
 i - a scroll of vulnerability
 n - a scroll of amnesia
 p - 3 scrolls of blinking
 q - 2 scrolls of enchant weapon
 t - a scroll of fear
 v - a scroll of identify
 x - 2 scrolls of immolation
 H - 5 scrolls of magic mapping
 O - a scroll of holy word {unknown}
 T - a scroll of brand weapon
 Y - a scroll of fog
Potions
 b - 3 potions of cancellation
 j - 2 potions of agility
 l - 2 potions of flight
 m - 11 potions of curing
 o - 6 potions of heal wounds
 s - 4 potions of might
 w - 2 potions of haste
 I - a potion of ambrosia {unknown}
 J - 2 potions of lignification {unknown}
 W - 4 potions of mutation
Comestibles
 f - 46 rations
 k - 8 chunks of flesh


   Skills:
 + Level 12.6(15.8) Fighting
 - Level 17.1(20.1) Slings
 - Level 12.1(15.3) Armour
 - Level 12.3(15.5) Dodging
 - Level 6.3(9.8) Stealth
 - Level 11.4(14.7) Shields
 - Level 14.5(12.8) Invocations
 - Level 6.9(5.5) Evocations


You had 16 spell levels left.
You didn't know any spells.
Your spell library contained the following spells:

 Spells                   Type           Power        Failure   Level  Hunger
 Animate Skeleton         Necr           N/A          43%         1    ##.....
 Apportation              Tloc           #.....       43%         1    ##.....
 Beastly Appendage        Tmut           #.....       43%         1    ##.....
 Confusing Touch          Hex            #.....       43%         1    ##.....
 Corona                   Hex            #......      43%         1    ##.....
 Flame Tongue             Conj/Fire      #....        43%         1    ##.....
 Summon Small Mammal      Summ           #...         43%         1    ##.....
 Ensorcelled Hibernation  Hex/Ice        #.....       58%         2    ###....
 Sticks to Snakes         Tmut           #.......     58%         2    ###....
 Throw Flame              Conj/Fire      #.....       58%         2    ###....
 Confuse                  Hex            #.......     82%         3    ####...
 Conjure Flame            Conj/Fire      #.......     82%         3    ####...
 Dazzling Spray           Conj/Hex       #.....       82%         3    ####...
 Inner Flame              Hex/Fire       #.......     82%         3    ####...
 Spider Form              Tmut/Pois      #.........   82%         3    ####...
 Tukima's Dance           Hex            #.......     82%         3    ####...
 Cause Fear               Hex            #.........   99%         4    #####..
 Ice Form                 Ice/Tmut       #.......     99%         4    #####..
 Sticky Flame             Conj/Fire      #.......     99%         4    #####..
 Blade Hands              Tmut           #.........   100%        5    ######.
 Fireball                 Conj/Fire      #.........   100%        5    ######.
 Silence                  Hex/Air        #.........   100%        5    ######.
 Yara's Violent Unravell  Hex/Tmut       #.........   100%        5    ######.
 Deflect Missiles         Chrm/Air       #.........   100%        6    #######
 Discord                  Hex            #.........   100%        8    #######


Dungeon Overview and Level Annotations

Branches:
Dungeon (12/15)            Temple (1/1) D:5            Lair (6/6) D:9
  Swamp (0/4) Lair:4       Spider (0/4) Lair:3        Slime (0/5) Lair:5
    Orc (2/2) D:12            Elf (1/3) Orc:2

Altars:
Ashenzari
Dithmenos
Fedhas
Gozag
Hepliaklqana
Kikubaaqudgha
Makhleb
Nemelex Xobeh
Okawaru
Ru
Sif Muna
Vehumet
Wu Jian
Xom
Yredelemnul
Zin
The Shining One
Beogh
Jiyva

Shops:
D:4 [   D:10 ?   Orc:2 [?:!

Portals:
Hell: Lair:6


Innate Abilities, Weirdness & Mutations

You are small and have problems with some larger weapons.
You are somewhat resistant to further mutation.


Message History

Firing (i - inventory. (/) - cycle)
e - 446 stones (quivered)
Press: ? - help, Shift-Dir - straight line, f/p - halazid warlock
Aim: a halazid warlock You shoot a stone.
The stone hits the halazid warlock!
The halazid warlock is lightly damaged.
The servant of whispers shouts!
The saltling hits you!
* * * LOW HITPOINT WARNING * * *
You feel much better. The saltling barely misses you.
The halazid warlock casts a spell at the saltling.
The saltling's animating energy erupts into ghostly fire!
The ghostly flame explodes!
The ghostly fireball engulfs the saltling.
The saltling completely resists.
The ghostly fireball engulfs the saltling.
The saltling completely resists.
The ghostly fireball engulfs the crystal guardian.
The crystal guardian completely resists.
The ghostly fireball engulfs you!!!
You feel drained.
You die...

(§.§p.§§§######
.8.......######
.........######
.........###### ..
.........######
...§........######
...# #...L..######
#[8[.#...8@.###### ..
|L.#.p..8.###### ...
[8(...8#8###### §§8§
§.#(...#.######
§§§§######Lp....######
§.......8.(.....######
.....pp.p.......######
.......8(.......######
................###


You could see 3 servants of whispers, 2 halazid warlocks, a crystal guardian, an
ironbrand convoker, a peacekeeper (wandering) and 6 saltlings.

Vanquished Creatures
  Gastronok (Orc:1)
  An orc warlord (Orc:1)
  2 imperial myrmidons (Desolation)
  2 entropy weavers (Lair:6)
  The ghost of Lutiheq the Grappler, a journeyman DrTm of Wu Jian (Lair:4)
  The ghost of Skippwaahh the Slicer, a journeyman KoAK of Lugonu (Lair:6)
  A dire elephant (Lair:6)
  A crystal guardian (Desolation)
  5 servants of whispers (Desolation)
  3 peacekeepers
  Harold (D:11)
  6 ragged hierophants (Desolation)
  11 hydras
  Erica (D:10)
  The ghost of Mandevil the Destroyer, a novice DsWz of Vehumet (D:8)
  2 ogre magi (Orc:2)
  11 two-headed ogres
  12 death yaks
  An orc high priest (Orc:1)
  A queen ant (Lair:6)
  2 dancing weapons (Elf:1)
  2 deep elf knights (Elf:1)
  Sonja (D:10)
  An iron troll (Orc:2)
  A sixfirhy (Lair:6)
  A fire crab (shapeshifter) (Elf:1)
  A deep troll (Orc:2)
  2 ironbrand convokers (Desolation)
  A wizard (Lair:6)
  A deep elf archer (Elf:1)
  A wolf spider zombie (D:12)
  An oklob plant (Lair:4)
  5 cyclopes
  27 deep elf magi
  2 orc sorcerers
  4 ugly things
  A manticore (D:9)
  6 black mambas
  3 guardian serpents (Desolation)
  10 elephants (Lair:6)
  A torpor snail (Lair:2)
  A molten gargoyle (Desolation)
  9 spiny frogs
  A kobold demonologist (D:11)
  5 rime drakes
  An efreet (D:11)
  8 komodo dragons
  A red devil (Lair:6)
  A hellwing (Lair:6)
  5 ice devils (Lair:6)
  10 trolls
  6 polar bears
  A tyrant leech (Lair:4)
  The ghost of PeterQ the Cutter, an amateur DsGl (D:5)
  4 slime creatures (Lair:4)
  6 dream sheep
  37 saltlings (Desolation)
  33 blink frogs
  16 hippogriffs
  An air elemental (Elf:1)
  2 water elementals (Elf:1)
  A wraith (D:12)
  3 wyverns
  The ghost of literoy the Covered, an amateur MiFi (D:2)
  3 basilisks
  A steam dragon (Lair:5)
  43 yaks
  A hungry ghost (D:10)
  7 vampire mosquitoes
  3 insubstantial wisps (Lair:3)
  18 soldier ants (Lair:6)
  3 swamp worms (Lair:4)
  3 wargs
  4 hell hounds (Lair:6)
  13 water moccasins
  Duvessa (D:5)
  11 ice beasts
  9 porcupines
  18 orc warriors
  6 sky beasts
  25 ogres
  3 phantoms
  3 black bears
  11 centaurs
  21 wolves
  12 crocodiles
  4 big kobolds
  11 bullfrogs
  A spectral wyvern (D:8)
  An earth elemental (Elf:1)
  Dowan (D:5)
  A water moccasin zombie (D:10)
  6 scorpions
  18 killer bees
  2 howler monkeys
  5 wights (D:11)
  3 bullfrog zombies
  9 hounds
  5 crimson imps
  7 jellies
  9 orc priests
  Crazy Yiuf (D:7)
  A bullfrog skeleton (D:9)
  A centaur skeleton (D:8)
  15 orc wizards
  4 iguanas
  27 worker ants
  9 hell rats (Lair:5)
  A killer bee zombie (D:9)
  The ghost of Revguard the Chopper, a weakling HOMo of Beogh (D:3)
  5 hound zombies
  3 worker ant zombies
  2 howler monkey skeletons (D:4)
  3 gnolls (D:8)
  12 adders
  2 shadow imps
  2 oozes (D:2)
  2 adder zombies
  An adder skeleton (D:8)
  2 worms
  3 dart slugs
  8 leopard geckos
  81 orcs
  13 bats
  4 giant cockroaches
  8 goblins
  6 hobgoblins
  4 jackals
  4 quokkas
  A ball python (D:5)
  7 frilled lizards
  A giant cockroach zombie (D:6)
  A jackal skeleton (D:7)
  8 kobolds
  A quokka skeleton (D:5)
  6 rats
  A fungus (Lair:6)
  7 plants
853 creatures vanquished.

Vanquished Creatures (others)
  An orc warrior (Orc:1)
  A bullfrog (Lair:5)
  10 fungi (Lair:6)
  3 plants (Lair:6)
15 creatures vanquished.

Grand Total: 868 creatures vanquished

Notes
Turn   | Place    | Note
-------+----------+-------------------------------------------
     0 | D:1      | Murks the Halfling Hunter began the quest for the Orb.
     0 | D:1      | Reached XP level 1. HP: 14/14 MP: 1/1
    13 | D:1      | Reached skill level 6 in Slings
    70 | D:1      | Reached XP level 2. HP: 19/19 MP: 2/2
   705 | D:2      | Reached skill level 7 in Slings
   705 | D:2      | Reached XP level 3. HP: 14/24 MP: 3/3
   961 | D:2      | Reached XP level 4. HP: 29/29 MP: 4/4
  1102 | D:2      | Reached skill level 8 in Slings
  1276 | D:3      | Reached XP level 5. HP: 34/34 MP: 5/5
  1555 | D:3      | Reached skill level 9 in Slings
  1997 | D:3      | Found a runed translucent gate.
  1997 | D:3      | Found a runed translucent gate.
  1997 | D:3      | Found a runed translucent gate.
  2002 | D:3      | Noticed Revguard's ghost (weakling HOMo)
  2002 | D:3      | Noticed literoy's ghost (amateur MiFi)
  2088 | D:2      | Killed literoy's ghost
  2088 | D:2      | Reached skill level 10 in Slings
  2088 | D:2      | Reached XP level 6. HP: 17/39 MP: 6/6
  2263 | D:3      | Killed Revguard's ghost
  2590 | D:4      | Noticed a phantom
  2604 | D:4      | Killed a phantom
  2604 | D:4      | Reached XP level 7. HP: 45/45 MP: 7/7
  2679 | D:4      | Found a shimmering altar of Xom.
  2797 | D:4      | Found a sacrificial altar of Ru.
  2797 | D:4      | Found a hazy altar of Hepliaklqana.
  2802 | D:4      | Found a blossoming altar of Fedhas.
  2807 | D:4      | Found a faded altar of an unknown god.
  2809 | D:4      | Found a faded altar of an unknown god.
  3210 | D:4      | Found Redeolixef's Armour Boutique.
  3221 | D:4      | Bought the +0 leather armour of Decompression {rN++} for
                  | 214 gold pieces
  3384 | D:4      | Reached skill level 5 in Fighting
  3384 | D:4      | Reached XP level 8. HP: 55/55 MP: 8/8
  3670 | D:5      | Entered Level 5 of the Dungeon
  3733 | D:5      | Noticed Dowan
  3734 | D:5      | Noticed Duvessa
  3850 | D:5      | Found a runed translucent door.
  3860 | D:5      | Noticed PeterQ's ghost (amateur DsGl)
  3883 | D:4      | Reached skill level 1 in Shields
  4001 | D:5      | Killed PeterQ's ghost
  4292 | D:5      | Reached skill level 5 in Shields
  4349 | D:5      | Got an encrusted hunting sling
  4353 | D:5      | Identified the +8 hunting sling of Eternal Harmony {speed,
                  | *Contam Str+4 Dex-3 SInv} (You found it on level 5 of the
                  | Dungeon)
  4380 | D:5      | Reached XP level 9. HP: 62/62 MP: 9/9
  4431 | D:5      | Found a radiant altar of Vehumet.
  4486 | D:5      | Reached skill level 11 in Slings
  4498 | D:5      | Killed Duvessa
  4512 | D:5      | Killed Dowan
  4659 | D:5      | Found a staircase to the Ecumenical Temple.
  4668 | Temple   | Entered the Ecumenical Temple
  4757 | Temple   | Became a worshipper of Warmaster Okawaru
  4834 | D:5      | Reached skill level 12 in Slings
  5421 | D:6      | Reached skill level 5 in Dodging
  5643 | D:6      | Reached * piety under Okawaru
  5700 | D:6      | Found a sparkling altar of Nemelex Xobeh.
  5872 | D:7      | Found a radiant altar of Vehumet.
  5914 | D:8      | Reached XP level 10. HP: 54/68 MP: 8/10
  6265 | D:7      | Found an ancient bone altar of Kikubaaqudgha.
  6381 | D:7      | Found a runed translucent door.
  6384 | D:7      | Noticed Crazy Yiuf
  6387 | D:7      | Killed Crazy Yiuf
  6638 | D:8      | Reached ** piety under Okawaru
  6638 | D:8      | Reached skill level 1 in Armour
  6695 | D:8      | Got a pair of bloodstained boots
  6701 | D:8      | Identified the +1 pair of boots "Zeer" {rF+} (You found it
                  | on level 8 of the Dungeon)
  7123 | D:8      | Found a runed translucent gate.
  7125 | D:8      | Found a runed translucent gate.
  7125 | D:8      | Found a runed translucent gate.
  7125 | D:8      | Noticed Mandevil's ghost (novice DsWz)
  7176 | D:8      | Killed Mandevil's ghost
  7176 | D:8      | Reached *** piety under Okawaru
  7406 | D:8      | Noticed a two-headed ogre
  7412 | D:8      | Killed a two-headed ogre
  7412 | D:8      | Reached XP level 11. HP: 72/72 MP: 11/11
  7429 | D:8      | Noticed a two-headed ogre
  7441 | D:8      | Killed a two-headed ogre
  7441 | D:8      | Reached **** piety under Okawaru
  7441 | D:8      | Received a gift from Okawaru
  7825 | D:8      | You fall through a shaft for 3 floors!
  7825 | D:11     | Noticed a cyclops
  7838 | D:11     | Noticed a sun demon
  7898 | D:11     | Killed a cyclops
  7997 | D:11     | Reached ***** piety under Okawaru
  8135 | D:11     | Noticed a cyclops
  8142 | D:11     | Killed a cyclops
  8217 | D:11     | Received a gift from Okawaru
  8318 | D:11     | Reached skill level 10 in Fighting
  8398 | D:11     | Reached XP level 12. HP: 80/87 MP: 12/12
  8507 | D:11     | Noticed Harold
  8520 | D:11     | Killed Harold
  8570 | D:11     | Found a frozen archway.
  8692 | IceCv    | Entered an ice cave
  8732 | IceCv    | Found a transporter.
  9111 | D:10     | Entered Level 10 of the Dungeon
  9170 | D:10     | Found Lusul's Magic Scroll Shop.
  9184 | D:10     | Bought a scroll of teleportation for 39 gold pieces
  9184 | D:10     | Bought a scroll of brand weapon for 260 gold pieces
  9184 | D:10     | Bought a scroll of magic mapping for 45 gold pieces
  9714 | D:9      | Found an ornate altar of the Wu Jian Council.
  9730 | D:9      | Found a staircase to the Lair.
 10247 | D:10     | Noticed Sonja
 10254 | D:10     | Killed Sonja
 10254 | D:10     | Reached skill level 13 in Slings
 10516 | D:10     | Noticed Erica
 10555 | D:10     | Killed Erica
 11016 | Lair:1   | Entered Level 1 of the Lair of Beasts
 11043 | Lair:1   | Reached skill level 14 in Slings
 11128 | Lair:1   | Received a gift from Okawaru
 11133 | Lair:1   | Reached skill level 1 in Invocations
 11316 | Lair:1   | Reached XP level 13. HP: 97/97 MP: 15/15
 11370 | Lair:1   | Reached skill level 5 in Invocations
 11423 | Lair:1   | Got a pair of faintly humming boots
 11437 | Lair:1   | Identified the +0 pair of boots of Goix {rF++} (You found
                  | it on level 1 of the Lair of Beasts)
 11666 | Lair:1   | Noticed a seven-headed hydra
 11674 | Lair:1   | Killed a seven-headed hydra
 12737 | Lair:3   | Noticed a five-headed hydra
 12745 | Lair:3   | Killed a five-headed hydra
 12745 | Lair:3   | Received a gift from Okawaru
 12745 | Lair:3   | Reached skill level 10 in Invocations
 12834 | Lair:3   | Found a hole to the Spider Nest.
 13381 | Lair:3   | Received a gift from Okawaru
 13408 | Lair:3   | Reached XP level 14. HP: 103/103 MP: 16/22
 13615 | Lair:4   | Received a gift from Okawaru
 13937 | Lair:4   | Found a glowing silver altar of Zin.
 14203 | Lair:4   | Found a runed translucent gate.
 14203 | Lair:4   | Found a runed translucent gate.
 14203 | Lair:4   | Found a runed translucent gate.
 14209 | Lair:4   | Noticed Lutiheq's ghost (journeyman DrTm)
 14211 | Lair:4   | Found a viscous altar of Jiyva.
 14263 | Lair:4   | Killed Lutiheq's ghost
 14585 | Lair:4   | Found a staircase to the Swamp.
 15265 | Lair:5   | Found a viscous altar of Jiyva.
 15265 | Lair:5   | Found a staircase to the Slime Pits.
 15494 | Lair:5   | Received a gift from Okawaru
 15916 | Lair:6   | Entered Level 6 of the Lair of Beasts
 15938 | Lair:6   | Received a gift from Okawaru
 15963 | Lair:6   | Reached skill level 10 in Armour
 16016 | Lair:6   | Received a gift from Okawaru
 16044 | Lair:6   | Reached XP level 15. HP: 108/108 MP: 25/25
 16073 | Lair:6   | Received a gift from Okawaru
 16690 | Lair:6   | Reached skill level 10 in Dodging
 16709 | Lair:6   | Found a runed translucent gate.
 16710 | Lair:6   | Found a runed translucent gate.
 16710 | Lair:6   | Noticed Skippwaahh's ghost (journeyman KoAK)
 16711 | Lair:6   | Found a runed translucent gate.
 16753 | Lair:6   | Killed Skippwaahh's ghost
 17892 | Lair:6   | Received a gift from Okawaru
 18079 | Lair:6   | Found a burning altar of Makhleb.
 18130 | Lair:6   | Reached XP level 16. HP: 88/114 MP: 16/26
 18156 | Lair:6   | Found a gateway to Hell.
 18417 | D:10     | Bought a scroll of identify for 26 gold pieces
 18417 | D:10     | Bought a scroll of identify for 26 gold pieces
 18463 | D:12     | Found a roughly hewn altar of Beogh.
 18463 | D:12     | Found a staircase to the Orcish Mines.
 18496 | D:12     | Received a gift from Okawaru
 18514 | D:12     | Got a jewelled scale mail {god gift}
 18515 | D:12     | Identified the +0 scale mail "Yskup" {Regen+ Str+2 Dex+2}
                  | (Okawaru gifted it to you on level 12 of the Dungeon)
 19186 | Orc:1    | Entered Level 1 of the Orcish Mines
 19296 | Orc:1    | Reached skill level 10 in Shields
 19608 | Orc:1    | Noticed Gastronok
 19629 | Orc:1    | Killed Gastronok
 19925 | Orc:2    | Entered Level 2 of the Orcish Mines
 20364 | Orc:2    | Reached skill level 15 in Slings
 20386 | Orc:2    | Received a gift from Okawaru
 20435 | Orc:2    | Received a gift from Okawaru
 20441 | Orc:2    | Reached skill level 16 in Slings
 20472 | Orc:2    | Found Iruhipp's Antique Armour Shop.
 20486 | Orc:2    | Found Kuntanagoh's Magic Scroll Shop.
 20570 | Orc:2    | Found Plog's Book Emporium.
 20586 | Orc:2    | Found Bimagiov's Distillery.
 20619 | Orc:2    | Bought 2 potions of heal wounds for 130 gold pieces
 20619 | Orc:2    | Bought a potion of heal wounds for 65 gold pieces
 20619 | Orc:2    | Bought a potion of heal wounds for 65 gold pieces
 20619 | Orc:2    | Bought a potion of curing for 39 gold pieces
 20630 | Orc:2    | Bought a glowing helmet for 232 gold pieces
 20648 | Orc:2    | Bought a runed scale mail for 217 gold pieces
 20810 | Orc:2    | Found a staircase to the Elven Halls.
 20821 | Elf:1    | Entered Level 1 of the Elven Halls
 21114 | Elf:1    | Reached skill level 17 in Slings
 21118 | Elf:1    | Reached XP level 17. HP: 106/119 MP: 18/27
 21129 | Elf:1    | Reached skill level 1 in Evocations
 21467 | Elf:1    | Found a ruined gateway.
 21487 | Elf:1    | Received a gift from Okawaru
 21639 | Desolati | Entered the Desolation of Salt
 21647 | Desolati | Reached skill level 5 in Evocations
 21799 | Desolati | Received a gift from Okawaru
 21934 | Desolati | Received a gift from Okawaru
 21960 | Desolati | Got a faintly glowing bone amulet
 21963 | Desolati | Got an ancient amber ring
 21966 | Desolati | Got a slimy silver ring
 21972 | Desolati | Got a brightly glowing chain mail
 21974 | Desolati | Identified the amulet of Kierusexe {Inacc +Inv MP+9 Int-5
                  | SInv} (You found it in the Desolation of Salt)
 21976 | Desolati | Identified the ring of Coesheh {MR+ Str+3 Int+2 SInv} (You
                  | found it in the Desolation of Salt)
 21978 | Desolati | Identified the ring "Ranuy" {+Blink Str+5} (You found it in
                  | the Desolation of Salt)
 21989 | Desolati | Identified the +5 chain mail of the Commoners {rPois Str+4}
                  | (You found it in the Desolation of Salt)
 22182 | Desolati | Reached skill level 5 in Stealth
 22618 | Desolati | Killed from afar by a halazid warlock

Skill      XL: |  1  2  3  4  5  6  7  8  9 10 11 12 13 14 15 16 17 |
---------------+----------------------------------------------------+-----
Slings         | 6 7 8 10 12 14 17 | 17.1
Fighting       | 2 5 10 12 | 12.6
Shields        | 5 8 11 | 11.4
Dodging        | 7 9 12 | 12.3
Armour         | 8 10 12 | 12.1
Invocations    | 3 11 14 | 14.5
Evocations     | 6 |  6.9
Stealth        | 6 |  6.3

Action                   |  1- 3 |  4- 6 |  7- 9 | 10-12 | 13-15 | 16-18 || total
-------------------------+-------+-------+-------+-------+-------+-------++-------
 Fire: Hunting sling     |    79 |   137 |   373 |   842 |  1499 |  1110 ||  4040
Invok: Heroism           |       |       |       |     6 |    16 |    15 ||    37
       Finesse           |       |       |       |       |    15 |    15 ||    30
Evoke: Wand              |       |       |     3 |       |       |       ||     3
  Use: Scroll            |       |     2 |     5 |    11 |     8 |    16 ||    42
       Potion            |       |       |       |     1 |       |     5 ||     6
  Eat: Chunk             |       |     4 |    10 |    15 |    17 |    11 ||    57
Armor: Leather armour    |     6 |     8 |    30 |    37 |    22 |       ||   103
       Ring mail         |       |       |       |       |    25 |    16 ||    41
Dodge: Dodged            |    18 |    22 |    73 |   187 |   204 |   129 ||   633
Block: Buckler           |       |       |    19 |    72 |    76 |    51 ||   218
